 Dungeon Crawl Stone Soup version 0.23.2-33-g5129a83184 (webtiles) character file.

Game seed: 8599174262756584263

18986 Ceapi the Severer (level 12, -10/106 HPs)
             Began as a Hill Orc Berserker on July 16, 2019.
             Was the Champion of Trog.
             Mangled by a deep elf mage
             ... wielding a +1 long sword of electrocution
              (19 damage)
             ... on level 1 of the Elven Halls.
             The game lasted 00:54:14 (16302 turns).

Ceapi the Severer (Hill Orc Berserker)             Turns: 16302, Time: 00:54:15

Health: -10/106    AC: 17    Str: 25    XL:     12   Next: 64%
Magic:  12/12      EV: 10    Int:  7    God:    Trog [******]
Gold:   1407       SH:  0    Dex: 15    Spells: 11/11 levels left

rFire    . . .     SeeInvis .   D - +4 battleaxe (freeze)
rCold    . . .     Gourm    .   (shield currently unavailable)
rNeg     + . .     Faith    .   y - +0 chain mail
rPois    .         Spirit   .   u - +0 helmet
rElec    .         Reflect  .   (no cloak)
rCorr    .         Harm     .   H - +0 pair of gloves
MR       ++...                  F - +0 pair of boots
Stlth    ..........             E - amulet of the acrobat
HPRegen  1.27/turn              r - ring of positive energy
MPRegen  0.13/turn              C - +5 ring of dexterity

@: regenerating
A: no striking features
a: Berserk, Trog's Hand, Brothers in Arms, Renounce Religion


You were on level 1 of the Elven Halls.
You worshipped Trog.
Trog was exalted by your worship.
You were not hungry.

You visited 3 branches of the dungeon, and saw 14 of its levels.

You collected 1407 gold pieces.

Inventory:

Hand Weapons
 a - a +2 morningstar
 D - a +4 battleaxe of freezing (weapon)
 M - a +5 broad axe of holy wrath
Missiles
 l - 283 stones (quivered)
Armour
 u - a +0 helmet (worn)
 y - a +0 chain mail (worn)
 F - a +0 pair of boots (worn)
 H - a +0 pair of gloves (worn)
Jewellery
 r - a ring of positive energy (left hand)
 C - a +5 ring of dexterity (right hand)
 E - an amulet of the acrobat (around neck)
 K - an uncursed ring of protection from cold
 L - an uncursed ring of see invisible
Wands
 g - a wand of iceblast (11)
 q - a wand of enslavement (16)
 x - a wand of polymorph (13)
 J - a wand of flame (25)
Scrolls
 b - a scroll of random uselessness {unknown}
 e - 7 scrolls of identify
 f - 5 scrolls of blinking {unknown}
 h - 7 scrolls of remove curse {unknown}
 j - 2 scrolls of noise {unknown}
 k - a scroll of enchant weapon
 m - 2 scrolls of magic mapping {unknown}
 n - 2 scrolls of immolation {unknown}
 p - 3 scrolls of fear {unknown}
 t - 4 scrolls of teleportation {unknown}
 w - 2 scrolls of fog {unknown}
 B - a scroll of silence {unknown}
 I - a scroll of enchant armour {unknown}
 N - a scroll of amnesia {unknown}
Potions
 d - 2 potions of lignification
 i - a potion of berserk rage {unknown}
 o - 3 potions of degeneration
 s - 3 potions of heal wounds {unknown}
 v - a potion of mutation {unknown}
 z - 2 potions of curing
 A - a potion of ambrosia {unknown}
 G - a potion of brilliance {unknown}
Comestibles
 c - 12 rations


   Skills:
 + Level 9.8 Fighting
 + Level 17.9 Axes
 + Level 13.2 Armour
 - Level 1.7 Dodging


You had 11 spell levels left.
You didn't know any spells.
Your spell library contained the following spells:

 Spells                   Type           Power        Failure   Level  Hunger
 Animate Skeleton         Necr           N/A          90%         1    ##.....
 Apportation              Tloc           #.....       90%         1    ##.....
 Confusing Touch          Hex            #.....       90%         1    ##.....
 Summon Small Mammal      Summ           #...         90%         1    ##.....


Dungeon Overview and Level Annotations

Branches:
Dungeon (11/15)            Temple (0/1) D:7            Lair (0/6) D:10
    Orc (2/2) D:11            Elf (1/3) Orc:2

Altars:
Ashenzari
Cheibriados
Fedhas
Nemelex Xobeh
Okawaru
Sif Muna
Vehumet
Wu Jian
Xom
Beogh

Shops:
D:4 (

Annotations:
D:11 Harold


Message History

The deep elf mage shouts!
The deep elf mage gestures wildly while chanting.
The deep elf mage blinks!
The deep elf mage closely misses you. The deep elf mage closely misses you.
You closely miss the deep elf mage. The deep elf mage barely misses you.
You miss the deep elf mage. You barely miss the deep elf mage.
The deep elf mage hits you but does no damage.
You are electrocuted!
* * * LOW HITPOINT WARNING * * *
You slash the deep elf mage! You freeze the deep elf mage.
The deep elf mage is moderately wounded.
The deep elf mage gestures wildly while chanting.
Your skin crawls.
You feel resistant to hostile enchantments.
You feel somewhat more hungry.
The deep elf mage hits you but does no damage.
You are electrocuted!!
You die...

######## ##...)..##
############.....<).##
..................)..#
.###....####........##
###......####......########
..........))....@e.........
####....##.#....E##.#######
# #...#.##.....☼.##.# #
##..###..........#.#
###....###.........#.#
...........>.......#.#
###....###.........#.#
#....# #.........#.# #....#
##.......##


You could see a deep elf mage and a fire elemental.

Vanquished Creatures
  An orc warlord (Orc:1)
  Erolcha (D:9)
  3 two-headed ogres
  A sixfirhy (D:8)
  An unseen horror (D:10)
  2 deep elf magi (Elf:1)
  An orc sorcerer (Orc:1)
  A cyclops (D:11)
  2 orc knights (Orc:1)
  2 trolls (D:10)
  3 hippogriffs
  A vampire (D:11)
  4 yaks (D:10)
  2 wyverns
  A steam dragon (D:10)
  Eustachio (D:4)
  A fire elemental (Elf:1)
  Menkaure (D:4)
  Edmund (D:4)
  A warg (Orc:1)
  2 water moccasins
  An acid dragon (D:11)
  Duvessa (D:6)
  A sky beast (D:5)
  19 orc warriors
  2 porcupines (D:10)
  A black bear (D:10)
  An ice beast (D:6)
  3 necrophages (D:10)
  2 phantoms
  An eye of draining (D:9)
  2 centaurs
  9 ogres
  2 big kobolds
  9 bullfrogs
  Dowan (D:6)
  5 killer bees (D:8)
  7 scorpions
  11 wights
  An electric eel (Orc:1)
  3 howler monkeys
  3 centaur zombies
  4 crimson imps
  3 bullfrog zombies
  8 hounds
  9 orc priests
  6 jellies
  14 orc wizards
  2 bullfrog skeletons (D:10)
  3 centaur skeletons
  4 iguanas
  9 worker ants
  4 hound zombies
  Robin (D:4)
  A howler monkey zombie (D:5)
  A worker ant zombie (D:10)
  6 gnolls
  20 adders
  3 oozes
  2 adder zombies
  3 adder skeletons
  2 worms
  4 dart slugs
  6 leopard geckos
  47 orcs
  9 giant cockroaches
  18 goblins
  16 hobgoblins
  18 jackals
  A quokka (D:9)
  12 bats
  5 frilled lizards
  3 jackal skeletons
  16 kobolds
  A leopard gecko skeleton (D:4)
  A leopard gecko zombie (D:5)
  A quokka zombie (D:6)
  13 rats
  4 bushes (D:10)
  3 plants (D:10)
401 creatures vanquished.

Vanquished Creatures (others)
  A scorpion (D:5)
  60 fungi (D:10)
  27 plants (D:10)
  5 toadstools (D:1)
93 creatures vanquished.

Grand Total: 494 creatures vanquished

Notes
Turn   | Place    | Note
-------+----------+-------------------------------------------
     0 | D:1      | Ceapi the Hill Orc Berserker began the quest for the Orb.
     0 | D:1      | Reached XP level 1. HP: 19/19 MP: 1/1
   195 | D:1      | Reached XP level 2. HP: 10/27 MP: 2/2
   587 | D:1      | Reached XP level 3. HP: 25/33 MP: 3/3
   756 | D:1      | Reached ** piety under Trog
   804 | D:1      | Reached skill level 5 in Axes
  1170 | D:2      | Found a snail-covered altar of Cheibriados.
  1286 | D:2      | Reached XP level 4. HP: 10/40 MP: 4/4
  1299 | D:2      | HP: 3/60 [poisoned by an adder]
  1304 | D:2      | HP: 2/60 [poisoned by an adder]
  1598 | D:2      | Reached skill level 6 in Axes
  1856 | D:2      | Reached XP level 5. HP: 34/46 MP: 5/5
  2144 | D:2      | Reached *** piety under Trog
  2262 | D:2      | Reached skill level 7 in Axes
  2811 | D:3      | Found a deep blue altar of Sif Muna.
  3084 | D:3      | Reached skill level 8 in Axes
  3084 | D:3      | Reached XP level 6. HP: 52/52 MP: 6/6
  3775 | D:4      | Noticed Robin
  3787 | D:4      | Reached **** piety under Trog
  3791 | D:4      | Reached skill level 9 in Axes
  3791 | D:4      | Killed Robin
  3826 | D:4      | Noticed Eustachio
  3831 | D:4      | Reached XP level 7. HP: 22/59 MP: 7/7
  3848 | D:4      | Killed Eustachio
  3848 | D:4      | Reached skill level 10 in Axes
  3973 | D:4      | Noticed Menkaure
  3990 | D:4      | Killed Menkaure
  4182 | D:4      | Noticed Edmund
  4201 | D:4      | Killed Edmund
  4201 | D:4      | Reached skill level 11 in Axes
  4451 | D:4      | Reached XP level 8. HP: 61/66 MP: 8/8
  4543 | D:4      | Found Naaheyt's Weapon Emporium.
  4588 | D:4      | Found an iron altar of Okawaru.
  4601 | D:4      | Found a radiant altar of Vehumet.
  4611 | D:4      | Found a sparkling altar of Nemelex Xobeh.
  4635 | D:4      | Received a gift from Trog
  4770 | D:4      | Reached skill level 12 in Axes
  5407 | D:5      | Entered Level 5 of the Dungeon
  5890 | D:5      | Reached skill level 13 in Axes
  6257 | D:5      | Reached XP level 9. HP: 49/71 MP: 9/9
  6495 | D:5      | Found a shimmering altar of Xom.
  7156 | D:6      | Reached skill level 5 in Armour
  7431 | D:6      | Reached skill level 14 in Axes
  7711 | D:6      | Noticed Dowan
  7717 | D:6      | Noticed Duvessa
  7758 | D:6      | Killed Duvessa
  7759 | D:6      | Killed Dowan
  8464 | D:7      | Found an ornate altar of the Wu Jian Council.
  8534 | D:7      | Reached ***** piety under Trog
  8831 | D:7      | Found a staircase to the Ecumenical Temple.
  9383 | D:8      | Found a runed translucent door.
  9383 | D:8      | Noticed a sixfirhy
  9454 | D:8      | Noticed a deep elf mage
  9668 | D:8      | Noticed a two-headed ogre
  9676 | D:8      | Killed a two-headed ogre
  9676 | D:8      | Reached XP level 10. HP: 19/78 MP: 10/10
 10225 | D:8      | Reached skill level 15 in Axes
 10584 | D:8      | Killed a sixfirhy
 10584 | D:8      | Reached skill level 10 in Armour
 11427 | D:9      | Found a shattered altar of Ashenzari.
 11897 | D:9      | Reached skill level 16 in Axes
 11897 | D:9      | Reached XP level 11. HP: 85/85 MP: 4/11
 11906 | D:9      | Noticed Erolcha
 11912 | D:9      | Killed Erolcha
 11912 | D:9      | Reached skill level 5 in Fighting
 12228 | D:10     | Entered Level 10 of the Dungeon
 12374 | D:10     | Received a gift from Trog
 12884 | D:10     | Killed an unseen horror
 12903 | D:10     | Found a staircase to the Lair.
 13249 | D:10     | Found a blossoming altar of Fedhas.
 13483 | D:11     | Noticed a cyclops
 13532 | D:11     | Noticed a brown ugly thing
 13729 | D:11     | Reached skill level 17 in Axes
 13946 | D:11     | Noticed Harold
 14139 | D:11     | Killed a cyclops
 14243 | D:11     | Found a staircase to the Orcish Mines.
 14261 | Orc:1    | Entered Level 1 of the Orcish Mines
 14660 | Orc:1    | Noticed an orc warlord
 14664 | Orc:1    | Reached XP level 12. HP: 101/101 MP: 12/12
 14676 | Orc:1    | Killed an orc warlord
 15849 | Orc:1    | Found a roughly hewn altar of Beogh.
 15858 | Orc:1    | You fall through a shaft!
 15858 | Orc:2    | Entered Level 2 of the Orcish Mines
 15858 | Orc:2    | Found a staircase to the Elven Halls.
 15991 | Orc:2    | Noticed a two-headed ogre
 15991 | Orc:2    | Noticed a two-headed ogre
 16020 | Elf:1    | Entered Level 1 of the Elven Halls
 16050 | Elf:1    | Reached ****** piety under Trog
 16246 | Elf:1    | HP: 7/157 [two-headed ogre/+0 giant spiked club (5)]
 16249 | Elf:1    | Killed a two-headed ogre
 16250 | Elf:1    | Killed a two-headed ogre
 16302 | Elf:1    | Mangled by a deep elf mage

Skill      XL: |  1  2  3  4  5  6  7  8  9 10 11 12 |
---------------+-------------------------------------+-----
Fighting       | 4 8 9 |  9.8
Axes           | 5 6 8 9 11 13 14 16 17 | 17.9
Armour         | 4 9 10 12 13 | 13.2
Dodging        | |  1.7

Action                   |  1- 3 |  4- 6 |  7- 9 | 10-12 || total
-------------------------+-------+-------+-------+-------++-------
Melee: Hand axe          |   111 |   281 |   470 |       ||   862
       Battleaxe         |       |       |    16 |   397 ||   413
       Broad axe         |       |       |       |    56 ||    56
Throw: Stone             |       |       |    33 |    17 ||    50
Invok: Berserk           |       |     1 |     2 |     7 ||    10
       Trog's Hand       |       |       |     2 |     2 ||     4
  Use: Potion            |       |     3 |     1 |     2 ||     6
       Scroll            |       |     1 |     1 |     5 ||     7
 Stab: Invisible         |       |       |     4 |     6 ||    10
  Eat: Chunk             |     1 |     8 |    13 |    15 ||    37
       Ration            |       |       |     3 |     4 ||     7
Armor: Animal skin       |    19 |       |       |       ||    19
       Ring mail         |    23 |   109 |    32 |       ||   164
       Chain mail        |       |       |    85 |   259 ||   344
Dodge: Dodged            |   105 |   159 |   169 |   199 ||   632
